 Dungeon Crawl Stone Soup version 0.23-a0-333-g006994f (webtiles) character file.

370 Ghost621 the Shield-Bearer (level 6, -1/56 HPs)
             Began as a Minotaur Fighter on Oct 17, 2018.
             Slain by Nattefrost's ghost (13 damage)
             ... on level 4 of the Dungeon.
             The game lasted 00:04:37 (3807 turns).

Ghost621 the Shield-Bearer (Minotaur Fighter)       Turns: 3807, Time: 00:04:37

Health: -1/56      AC:  6    Str: 28    XL:     6   Next: 42%
Magic:  5/5        EV:  8    Int:  5    God:
Gold:   212        SH: 11    Dex:  9    Spells: 5/5 levels left

rFire    . . .     SeeInvis .   a - +0 flail
rCold    . . .     Gourm    .   c - +0 shield
rNeg     . . .     Faith    .   b - +0 scale mail
rPois    .         Spirit   .   (helmet restricted)
rElec    .         Reflect  .   (no cloak)
rCorr    .         Harm     .   (no gloves)
MR       .....                  (no boots)
Stlth    ..........             (no amulet)
HPRegen  0.18/turn              (no ring)
MPRegen  0.09/turn              (no ring)

@: mighty
A: retaliatory headbutt, horns 2
a: no special abilities


You were on level 4 of the Dungeon.
You were not hungry.

You visited 1 branch of the dungeon, and saw 4 of its levels.

You collected 212 gold pieces.

Inventory:

Hand Weapons
 a - a +0 flail (weapon)
Missiles
 j - 104 stones (quivered)
Armour
 b - a +0 scale mail (worn)
 c - a +0 shield (worn)
Wands
 p - a wand of paralysis (14)
Scrolls
 g - 3 scrolls of remove curse {unknown}
 l - a scroll of enchant weapon {unknown}
 m - a scroll of blinking {unknown}
 q - a scroll of fog {unknown}
 r - a scroll of identify {unknown}
 u - a scroll of amnesia {unknown}
 v - 3 scrolls of teleportation {unknown}
 w - a scroll of magic mapping {unknown}
 x - a scroll of noise {unknown}
 y - 3 scrolls of fear {unknown}
Potions
 d - a potion of might
 e - 2 potions of curing
 h - a potion of heal wounds {unknown}
 i - a potion of agility {unknown}
 k - 2 potions of invisibility {unknown}
 n - 4 potions of flight {unknown}
 o - a potion of degeneration {unknown}
 s - a potion of mutation {unknown}
 t - 2 potions of berserk rage {unknown}
Comestibles
 f - 4 rations


   Skills:
 + Level 5.3 Fighting
 + Level 4.5 Maces & Flails
 - Level 3.6 Armour
 * Level 6.7 Shields


You had 5 spell levels left.
You didn't know any spells.
Your spell library was empty.

Dungeon Overview and Level Annotations

Branches:
Dungeon (4/15)             Temple (0/1) D:4

Altars:
Makhleb
Okawaru
Vehumet
Beogh

Annotations:
D:4 Nattefrost's ghost, amateur MfGl


Innate Abilities, Weirdness & Mutations

You reflexively headbutt those who attack you in melee.
You have a pair of horns on your head.


Message History

Nattefrost's ghost is heavily damaged.
Nattefrost's ghost hits you.
* * * LOW HITPOINT WARNING * * *
You block the orc's attack.
Evoke which item? (* to show all) (? for menu, Esc to quit)
Aiming: Paralyse
Press: ? - help, Shift-Dir - straight line, f - Nattefrost's ghost
Aim: Nattefrost's ghost (moderately damaged, chance to defeat MR: 28%) Nattefrost's ghost easily resists.
Nattefrost's ghost lets out a mournful wail.
Nattefrost's ghost barely misses you. You furiously retaliate!
You headbutt Nattefrost's ghost.
The orc hits you from afar with a trident.
* * * LOW HITPOINT WARNING * * *
Number of times to repeat, then command key: You must enter the number of times for the command to repeat.
You miss Nattefrost's ghost.
Nattefrost's ghost is heavily damaged.
Nattefrost's ghost hits you!
You die...

### #######8# 8.....#.#
..##..#.# ..8#..#@#
..##..#W# ....#.#o#
....#ooo######
_.8.#.'......########
[...#.'..#..........#
#####....#.#..#...######.#
#...#..##..#..#...# #.#
#.###..8#..#.##...# #.#


You could see an orc priest, Nattefrost's ghost and 3 orcs.

Vanquished Creatures
  A phantom (D:4)
  An orc priest (D:4)
  A bullfrog skeleton (D:4)
  An iguana (D:4)
  A hound skeleton (D:4)
  8 adders
  An ooze (D:3)
  An adder zombie (D:1)
  4 worms
  3 dart slugs
  4 leopard geckos
  4 orcs (D:4)
  3 ball pythons
  8 bats
  A bat zombie (D:1)
  2 giant cockroaches
  4 goblins
  9 hobgoblins
  8 jackals
  A quokka (D:3)
  3 frilled lizards
  10 kobolds
  7 rats
86 creatures vanquished.

Notes
Turn   | Place    | Note
-------+----------+-------------------------------------------
     0 | D:1      | Ghost621 the Minotaur Fighter began the quest for the Orb.
     0 | D:1      | Reached XP level 1. HP: 19/19 MP: 0/0
    59 | D:1      | Reached skill level 4 in Shields
    59 | D:1      | Reached XP level 2. HP: 27/27 MP: 1/1
   808 | D:1      | Reached XP level 3. HP: 28/33 MP: 2/2
   960 | D:2      | Found a radiant altar of Vehumet.
  1645 | D:2      | Reached skill level 5 in Shields
  1645 | D:2      | Reached XP level 4. HP: 41/41 MP: 3/3
  2756 | D:3      | Reached XP level 5. HP: 46/47 MP: 4/4
  3104 | D:4      | Noticed a phantom
  3121 | D:4      | Killed a phantom
  3121 | D:4      | Reached skill level 5 in Fighting
  3121 | D:4      | Reached skill level 6 in Shields
  3188 | D:4      | Reached XP level 6. HP: 49/56 MP: 5/5
  3378 | D:4      | Found a burning altar of Makhleb.
  3378 | D:4      | Noticed a cacodemon
  3455 | D:4      | Found a runed gate.
  3455 | D:4      | Found a runed gate.
  3456 | D:4      | Found a runed gate.
  3456 | D:4      | Noticed Nattefrost's ghost (amateur MfGl)
  3564 | D:4      | Found an iron altar of Okawaru.
  3630 | D:4      | Found a staircase to the Ecumenical Temple.
  3770 | D:4      | Found a roughly hewn altar of Beogh.
  3807 | D:4      | Slain by Nattefrost's ghost

Vault maps used:
D:1:      saegor_arrival_fortress
D:2:      fiery_altar_vehumet
D:3:      grunt_ministairs_9, minmay_crystal_water
D:4:      okawaru_ov_weapons_minmay, makhleb_altar_promises_db,
          minmay_temple_entry_fiery, biasface_ghost_orc_armoury,
          hangedman_abyss_or_decor_lesser_grid

Skill      XL: |  1  2  3  4  5 |
---------------+----------------+-----
Shields        | 4 5 6 |  6.7
Fighting       | 4 5 |  5.3
Maces & Flails | 3 4 |  4.5
Armour         | |  3.6

Action                   |  1- 3 |  4- 6 || total
-------------------------+-------+-------++-------
Melee: Flail             |    83 |   122 ||   205
       Headbutt          |     8 |    22 ||    30
Evoke: Wand              |       |     1 ||     1
  Use: Potion            |       |     2 ||     2
  Eat: Ration            |     1 |     2 ||     3
       Chunk             |     1 |       ||     1
Armor: Scale mail        |    31 |    37 ||    68
Dodge: Dodged            |    27 |    24 ||    51
Block: Shield            |    54 |    50 ||   104

Table legend:
 A = Non-vault XP
 B = Vault XP
 C = Vault XP percentage of total XP
 D = Non-vault monster count
 E = Vault monster count
 F = Vault count percentage of total count
                 A         B        C        D         E       F
            +---------+---------+-------+---------+---------+-------
      Total |     469 |      60 |  11.3 |      79 |       7 |   8.1
            +---------+---------+-------+---------+---------+-------
        D:1 |      34 |       8 |  19.0 |      21 |       2 |   8.7
        D:2 |      94 |       0 |   0.0 |      23 |       0 |   0.0
        D:3 |      72 |       2 |   2.7 |      22 |       1 |   4.3
        D:4 |     269 |      50 |  15.7 |      13 |       4 |  23.5
            +---------+---------+-------+---------+---------+-------
